HSSL
BUTLER HS GOLDEN TORNADO @ BISHOP GORMAN HS
05/04/2024
 
TOP OF THE 1ST
Butler HS Golden Tornado batting - Pitching for Bishop Gorman HS : RHP Armando Rodríguez
Pitching: RHP Armando Rodríguez
Batting: RHB Eddie Woods 0-0: Ball
1-0: Ball
2-0: Bunt for hit - play at first, batter OUT! 1-3
Batting: LHB Byron McIlmoyle 0-0: Foul Ball, location: 2F
0-1: Foul Ball, location: 2F
0-2: Strikes out swinging
Batting: RHB Rafael Barajas 0-0: Ball
1-0: Called Strike
1-1: Swinging Strike
1-2: Strikes out looking
Top of the 1st over - 0 run(s), 0 hit(s), 0 error(s), 0 left on base; Butler HS 0 - Bishop Gorman HS 0
BOTTOM OF THE 1ST
Bishop Gorman HS batting - Pitching for Butler HS Golden Tornado : RHP Kip Coleman
Pitching: RHP Kip Coleman
Batting: LHB Zhen-bang Rao 0-0: Foul Ball, location: 2F
0-1: SINGLE (Line Drive, 56D)
Batting: RHB Bryan Martínez 0-0: Ball
Wild Pitch!
Zhen-bang Rao to second
1-0: Ball
2-0: Ball
3-0: Base on Balls
Batting: RHB Gary Robinson 0-0: Ball
1-0: Ball
2-0: Ball
3-0: Base on Balls
Zhen-bang Rao to third
Bryan Martínez to second
Batting: LHB Jean-Sébastien Beaudin 0-0: Fly out, F8 (Flyball, 8RM)
Batting: RHB Max Kimball 0-0: Ball
1-0: Grounds into double play, 4-6-3 (Groundball, 4)
Bottom of the 1st over - 0 run(s), 1 hit(s), 0 error(s), 2 left on base; Butler HS 0 - Bishop Gorman HS 0
TOP OF THE 2ND
Butler HS Golden Tornado batting - Pitching for Bishop Gorman HS : RHP Armando Rodríguez
Batting: RHB Christian Nash 0-0: SINGLE (Groundball, 4MD)
Batting: SHB Bruce MacPherson 0-0: Ball
1-0: Fly out, F7 (Flyball, 7LMF)
Batting: LHB Dave Reynolds 0-0: Ball
1-0: Fielders Choice at 2nd, 4-6 (Groundball, 4)
Batting: RHB Bill Shaffer 0-0: Ball
1-0: Called Strike
1-1: Called Strike
Dave Reynolds is caught stealing 2nd base
Top of the 2nd over - 0 run(s), 1 hit(s), 0 error(s), 0 left on base; Butler HS 0 - Bishop Gorman HS 0
BOTTOM OF THE 2ND
Bishop Gorman HS batting - Pitching for Butler HS Golden Tornado : RHP Kip Coleman
Batting: RHB Steve Murphy 0-0: Ball
1-0: Called Strike
1-1: Called Strike
1-2: Ball
2-2: Ball
3-2: Foul Ball, location: 2F
3-2: Base on Balls
Batting: LHB Bill Green 0-0: Called Strike
0-1: Swinging Strike
0-2: Strikes out looking
Batting: RHB Andy Johnston 0-0: Ball
Steve Murphy steals 2nd base
1-0: Called Strike
1-1: Ball
2-1: Called Strike
2-2: Foul Ball, location: 2F
2-2: Foul Ball, location: 2F
2-2: Foul Ball, location: 2F
2-2: Strikes out swinging
Batting: SHB Darren Ramsey 0-0: Ball
1-0: Ball
2-0: Called Strike
2-1: SINGLE (Line Drive, 56D)
Steve Murphy to third
Batting: LHB Zhen-bang Rao 0-0: Foul Ball, location: 2F
0-1: Fly out, F8 (Flyball, 8RS)
Bottom of the 2nd over - 0 run(s), 1 hit(s), 0 error(s), 2 left on base; Butler HS 0 - Bishop Gorman HS 0
TOP OF THE 3RD
Butler HS Golden Tornado batting - Pitching for Bishop Gorman HS : RHP Armando Rodríguez
Batting: RHB Bill Shaffer 0-0: Ball
1-0: Ball
2-0: Called Strike
2-1: Ball
3-1: Foul Ball, location: 2F
3-2: Strikes out swinging
Batting: RHB José López 0-0: Ball
1-0: Fly out, F8 (Flyball, 8RM)
Batting: RHB Jimmy Myers 0-0: Ball
1-0: Ball
2-0: Ball
3-0: Called Strike
3-1: Fly out, F9 (Flyball, 89D)
Top of the 3rd over - 0 run(s), 0 hit(s), 0 error(s), 0 left on base; Butler HS 0 - Bishop Gorman HS 0
BOTTOM OF THE 3RD
Bishop Gorman HS batting - Pitching for Butler HS Golden Tornado : RHP Kip Coleman
Batting: RHB Bryan Martínez 0-0: Ball
1-0: Called Strike
1-1: Ball
2-1: Ball
3-1: Base on Balls
Batting: RHB Gary Robinson 0-0: Ball
1-0: Ball
2-0: Called Strike
2-1: Hit by Pitch
Bryan Martínez to second
Batting: LHB Jean-Sébastien Beaudin 0-0: Foul Ball, location: 2F
0-1: Called Strike
0-2: Fielders Choice at 2nd, 1-4 (Groundball, 15S)
Bryan Martínez to third
Batting: RHB Max Kimball 0-0: Fly out, F6 (Line Drive, 6)
Batting: RHB Steve Murphy 0-0: Ball
1-0: Ball
2-0: Ball
3-0: Base on Balls
Jean-Sébastien Beaudin to second
Batting: LHB Bill Green 0-0: Ball
1-0: Ball
2-0: Foul Ball, location: 2F
2-1: Foul Ball, location: 2F
2-2: Fly out, F6 (Popup, 7LSF)
Bottom of the 3rd over - 0 run(s), 0 hit(s), 0 error(s), 3 left on base; Butler HS 0 - Bishop Gorman HS 0
TOP OF THE 4TH
Butler HS Golden Tornado batting - Pitching for Bishop Gorman HS : RHP Armando Rodríguez
Batting: RHB Eddie Woods 0-0: Ball
1-0: Ball
2-0: Called Strike
2-1: Swinging Strike
2-2: Strikes out looking
Batting: LHB Byron McIlmoyle 0-0: Called Strike
0-1: Foul Ball, location: 2F
0-2: Strikes out swinging
Batting: RHB Rafael Barajas 0-0: Foul Ball, location: 2F
0-1: Ball
1-1: Foul Ball, location: 2F
1-2: Ball
2-2: Fly out, F6 (Popup, 6)
Top of the 4th over - 0 run(s), 0 hit(s), 0 error(s), 0 left on base; Butler HS 0 - Bishop Gorman HS 0
BOTTOM OF THE 4TH
Bishop Gorman HS batting - Pitching for Butler HS Golden Tornado : RHP Kip Coleman
Batting: RHB Andy Johnston 0-0: Ball
1-0: Swinging Strike
1-1: Foul Ball, location: 2F
1-2: Foul Ball, location: 2F
1-2: Foul Ball, location: 2F
1-2: Ball
2-2: Foul Ball, location: 2F
2-2: Ball
3-2: Strikes out swinging
Batting: SHB Darren Ramsey 0-0: DOUBLE (Line Drive, 3D) - OUT at third base trying to stretch hit.
Batting: LHB Zhen-bang Rao 0-0: Swinging Strike
0-1: Fly out, F7 (Popup, 56D)
Bottom of the 4th over - 0 run(s), 1 hit(s), 0 error(s), 0 left on base; Butler HS 0 - Bishop Gorman HS 0
TOP OF THE 5TH
Butler HS Golden Tornado batting - Pitching for Bishop Gorman HS : RHP Armando Rodríguez
Batting: RHB Christian Nash 0-0: Ground out 6-3 (Groundball, 6M)
Batting: SHB Bruce MacPherson 0-0: Swinging Strike
0-1: Ball
1-1: Called Strike
1-2: Ball
2-2: Foul Ball, location: 2F
2-2: Fly out, F7 (Flyball, 78M)
Batting: LHB Dave Reynolds 0-0: Called Strike
0-1: Fly out, F7 (Flyball, 7M)
Top of the 5th over - 0 run(s), 0 hit(s), 0 error(s), 0 left on base; Butler HS 0 - Bishop Gorman HS 0
BOTTOM OF THE 5TH
Bishop Gorman HS batting - Pitching for Butler HS Golden Tornado : RHP Kip Coleman
Batting: RHB Bryan Martínez 0-0: Ball
1-0: Ball
2-0: Swinging Strike
2-1: Foul Ball, location: 2F
2-2: Strikes out swinging
Batting: RHB Gary Robinson 0-0: Called Strike
0-1: Fly out, F7 (Flyball, 78S)
Batting: LHB Jean-Sébastien Beaudin 0-0: Called Strike
0-1: Swinging Strike
0-2: Ball
1-2: Ball
2-2: Foul Ball, location: 2F
2-2: Ball
3-2: Fly out, F8 (Flyball, 8RXD)
Bottom of the 5th over - 0 run(s), 0 hit(s), 0 error(s), 0 left on base; Butler HS 0 - Bishop Gorman HS 0
TOP OF THE 6TH
Butler HS Golden Tornado batting - Pitching for Bishop Gorman HS : RHP Armando Rodríguez
Batting: RHB Bill Shaffer 0-0: Ball
1-0: Ball
2-0: Ball
3-0: Base on Balls
Batting: RHB José López 0-0: Ball
1-0: Ball
2-0: Fly out, F8 (Popup, 8RS)
Batting: RHB Jimmy Myers 0-0: Called Strike
0-1: Swinging Strike
0-2: Ball
1-2: Foul Ball, location: 2F
1-2: Strikes out swinging
Batting: RHB Eddie Woods 0-0: Called Strike
0-1: Called Strike
0-2: Strikes out swinging
Top of the 6th over - 0 run(s), 0 hit(s), 0 error(s), 1 left on base; Butler HS 0 - Bishop Gorman HS 0
BOTTOM OF THE 6TH
Bishop Gorman HS batting - Pitching for Butler HS Golden Tornado : RHP Kip Coleman
Pitching: RHP Robinson Alomar
Batting: RHB Max Kimball 0-0: Fly out, F7 (Flyball, 7M)
Batting: RHB Steve Murphy 0-0: Called Strike
0-1: Foul Ball, location: 2F
0-2: Ball
1-2: Ball
2-2: Ball
3-2: Foul Ball, location: 2F
3-2: Ground out 4-3 (Groundball, 4M)
Batting: LHB Bill Green 0-0: Ball
1-0: Fly out, F9 (Flyball, 9M)
Bottom of the 6th over - 0 run(s), 0 hit(s), 0 error(s), 0 left on base; Butler HS 0 - Bishop Gorman HS 0
TOP OF THE 7TH
Butler HS Golden Tornado batting - Pitching for Bishop Gorman HS : RHP Armando Rodríguez
Batting: LHB Byron McIlmoyle 0-0: Foul Ball, location: 2F
0-1: Called Strike
0-2: Ball
1-2: Strikes out looking
Batting: RHB Rafael Barajas 0-0: Ball
1-0: SINGLE (Line Drive, 7LS)
Batting: RHB Christian Nash 0-0: Called Strike
0-1: Ball
1-1: Ball
2-1: Called Strike
2-2: Strikes out looking
Batting: SHB Bruce MacPherson 0-0: Foul Ball, location: 2F
0-1: Ball
1-1: Foul Ball, location: 2F
1-2: Foul Ball, location: 2F
1-2: Ball
2-2: SINGLE (Groundball, 13) (infield hit)
Rafael Barajas to second
Pitching: LHP Miguel Suárez
Batting: LHB Dave Reynolds 0-0: Called Strike
0-1: Swinging Strike
0-2: Ground out 4-3 (Groundball, 34)
Top of the 7th over - 0 run(s), 2 hit(s), 0 error(s), 2 left on base; Butler HS 0 - Bishop Gorman HS 0
BOTTOM OF THE 7TH
Bishop Gorman HS batting - Pitching for Butler HS Golden Tornado : RHP Robinson Alomar
Batting: RHB Andy Johnston 0-0: Ball
1-0: Swinging Strike
1-1: Foul Ball, location: 2F
1-2: Ball
2-2: Ball
3-2: Base on Balls
Batting: SHB Darren Ramsey 0-0: Ball
1-0: Ball
2-0: Ball
3-0: Called Strike
3-1: Bunted foul
3-2: Foul Ball, location: 2F
3-2: Fielders Choice at 2nd, 3-6 (Groundball, 34)
Batting: LHB Zhen-bang Rao 0-0: Called Strike
Darren Ramsey is caught stealing 2nd base
0-1: Ball
1-1: Ball
2-1: Ball
3-1: Called Strike
3-2: Foul Ball, location: 2F
3-2: Foul Ball, location: 2F
3-2: Foul Ball, location: 2F
3-2: Strikes out swinging
Bottom of the 7th over - 0 run(s), 0 hit(s), 0 error(s), 0 left on base; Butler HS 0 - Bishop Gorman HS 0
TOP OF THE 8TH
Butler HS Golden Tornado batting - Pitching for Bishop Gorman HS : LHP Miguel Suárez
Batting: RHB Bill Shaffer 0-0: Ball
1-0: Ground out 5-3 (Groundball, 5S)
Batting: RHB José López 0-0: Called Strike
0-1: Foul Ball, location: 2F
0-2: Ball
1-2: Ball
2-2: Foul Ball, location: 2F
2-2: Ball
3-2: SINGLE (Line Drive, 4D)
Batting: RHB Jimmy Myers 0-0: Ball
1-0: Called Strike
1-1: Swinging Strike
1-2: Foul Ball, location: 2F
1-2: Ball
2-2: Ball
3-2: Strikes out looking
Batting: RHB Eddie Woods 0-0: Ball
1-0: Foul Ball, location: 2F
1-1: Ball
2-1: Ball
3-1: Base on Balls
José López to second
Batting: LHB Byron McIlmoyle 0-0: Hit by Pitch
José López to third
Eddie Woods to second
Batting: RHB Rafael Barajas 0-0: Ball
1-0: Ball
2-0: Ball
3-0: Called Strike
3-1: Called Strike
Single, Error in OF, E7, batter to second base
José López scores
Eddie Woods scores
Byron McIlmoyle to third
Batting: RHB Christian Nash 0-0: Foul Ball, location: 2F
0-1: Foul Ball, location: 2F
0-2: Ball
1-2: Ball
2-2: Ground out 4-3 (Groundball, 34)
Top of the 8th over - 2 run(s), 2 hit(s), 1 error(s), 2 left on base; Butler HS 2 - Bishop Gorman HS 0
BOTTOM OF THE 8TH
Bishop Gorman HS batting - Pitching for Butler HS Golden Tornado : RHP Robinson Alomar
Pitching: RHP Alex Swain
Batting: RHB Bryan Martínez 0-0: Ball
1-0: Ball
2-0: Called Strike
2-1: Foul Ball, location: 2F
2-2: SINGLE (Groundball, 34S)
Pitching: RHP Bill Hendricks
Batting: RHB Gary Robinson 0-0: Called Strike
0-1: Foul Ball, location: 2F
0-2: Ball
1-2: Ball
2-2: Foul Ball, location: 2F
2-2: SINGLE (Line Drive, 6M)
Bryan Martínez to second
Batting: LHB Jean-Sébastien Beaudin 0-0: Swinging Strike
0-1: Ball
1-1: Fly out, F8 (Flyball, 8RM)
Batting: RHB Max Kimball 0-0: Foul Ball, location: 2F
0-1: Foul Ball, location: 2F
0-2: SINGLE (Line Drive, 8LS)
Bryan Martínez to third
Gary Robinson to second
Batting: RHB Steve Murphy 0-0: Called Strike
0-1: Ball
1-1: SINGLE (Line Drive, 4MD)
Bryan Martínez scores
Gary Robinson to third
Max Kimball to second
Runner from 3rd tries for Home, SAFE, throw made home
Max Kimball to third
Steve Murphy to second
Batting: LHB Bill Green 0-0: Called Strike
0-1: Swinging Strike
0-2: Ball
1-2: Strikes out looking
Batting: RHB Andy Johnston 0-0: Ball
1-0: Ball
2-0: Foul Ball, location: 2F
2-1: Foul Ball, location: 2F
2-2: Foul Ball, location: 2F
2-2: Fly out, F9 (Flyball, 9M)
Bottom of the 8th over - 2 run(s), 4 hit(s), 0 error(s), 2 left on base; Butler HS 2 - Bishop Gorman HS 2
TOP OF THE 9TH
Butler HS Golden Tornado batting - Pitching for Bishop Gorman HS : LHP Miguel Suárez
Pitching: LHP Harry Gordon
Batting: SHB Bruce MacPherson 0-0: Ball
1-0: Foul Ball, location: 2F
1-1: Ball
2-1: Foul Ball, location: 2F
2-2: Ball
3-2: Base on Balls
Batting: LHB Dave Reynolds 0-0: Called Strike
0-1: Foul Ball, location: 2F
0-2: Ball
1-2: SINGLE (Flyball, 7S)
Bruce MacPherson to second
Batting: RHB Bill Shaffer 0-0: Ball
1-0: Foul Ball, location: 2F
1-1: Bunted foul
1-2: Ball
2-2: Foul Ball, location: 2F
2-2: Ball
3-2: Foul Ball, location: 2F
3-2: Base on Balls
Bruce MacPherson to third
Dave Reynolds to second
Batting: RHB José López 0-0: Called Strike
0-1: Foul Ball, location: 2F
0-2: Strikes out swinging
Batting: RHB Jimmy Myers 0-0: Ball
1-0: Swinging Strike
1-1: Ball
2-1: Called Strike
2-2: Ball
3-2: Base on Balls
Bruce MacPherson scores
Dave Reynolds to third
Bill Shaffer to second
Batting: RHB Eddie Woods 0-0: Ball
1-0: Ball
2-0: Grounds into fielders choice 5-2 (Groundball, 5L)
Bill Shaffer to third
Jimmy Myers to second
Batting: LHB Byron McIlmoyle 0-0: Ball
1-0: Ball
2-0: Ball
3-0: Base on Balls
Bill Shaffer scores
Jimmy Myers to third
Eddie Woods to second
Batting: RHB Rafael Barajas 0-0: Ball
1-0: Called Strike
1-1: GRAND SLAM HOME RUN (Flyball, 7D), Distance : 386 ft
Pitching: LHP Tommy Campbell
Batting: RHB Christian Nash 0-0: Swinging Strike
0-1: Called Strike
0-2: Ball
1-2: Strikes out swinging
Top of the 9th over - 6 run(s), 2 hit(s), 0 error(s), 0 left on base; Butler HS 8 - Bishop Gorman HS 2
BOTTOM OF THE 9TH
Bishop Gorman HS batting - Pitching for Butler HS Golden Tornado : RHP Bill Hendricks
Batting: SHB Darren Ramsey 0-0: Ball
1-0: Called Strike
1-1: Foul Ball, location: 2F
1-2: Ball
2-2: Strikes out swinging
Batting: LHB Zhen-bang Rao 0-0: Foul Ball, location: 2F
0-1: Ball
1-1: Called Strike
1-2: DOUBLE (Line Drive, 7LM)
Pitching: RHP John O'Neil
Batting: RHB Bryan Martínez 0-0: Fly out, F8 (Flyball, 8RS)
Batting: RHB Gary Robinson 0-0: Called Strike
0-1: Ball
1-1: Fly out, F8 (Flyball, 8LM)
Bottom of the 9th over - 0 run(s), 1 hit(s), 0 error(s), 1 left on base; Butler HS 8 - Bishop Gorman HS 2
This league is powered by Out of the Park Baseball, the baseball management simulation game for PC, Mac and Linux
Saturday, April 9th, 2016 - OOTP Baseball 16.8 Build 38